[Event "*** Titled Tuesday Blitz"]
[Site "Chess.com"]
[Date "2021.03.02"]
[Round "8"]
[White "InitiatingASC"]
[Black "Kildepiotr"]
[Result "0-1"]
[WhiteElo "2444"]
[BlackElo "2586"]
[TimeControl "180+1"]
[EndTime "11:29:20 PST"]
[Termination "Kildepiotr won by checkmate"]

1. d4 c5 2. c3 Nf6 3. Nf3 d5 4. e3 Bf5 5. Bd3 Bxd3 6. Qxd3 Nbd7 7. O-O e6 8. Nbd2 Qb6 9. Re1 Be7 10. Ne5 Nxe5 11. dxe5 Nd7 12. f4 O-O 13. Nf3 f6 14.
exf6 Nxf6 15. Ne5 c4 16. Qe2 Ne4 17. Rf1 Bd6 18. Nf3 Rxf4 19. Nd4 Rxf1+ 20. Qxf1 Rf8 21.
Qe1 e5 22. Nf3 Qd8 23. b3 b5 24. a4 cxb3 25. axb5 Qb6 26. c4 dxc4 27. Bb2 Qxb5 28.
Rxa7 Bb4 29. Qh4 c3 30. Qg4 g6 31. Bxc3 Nxc3 32. Qe6+ Kh8 33. Qh3 h5 34. Qe6 b2 35.
h3 b1=Q+ 36. Kh2 Qf5 37. Qb3 Bc5 38. Qxc3 Bxa7 39. h4 Qd5 40. Ng5 Qf2 41. e4 Qg1+ 42. Kg3 Bf2+ 43. Kh3 Qh1# 0-1

[Event "*** Titled Tuesday Blitz"]
[Site "Chess.com"]
[Date "2021.03.02"]
[Round "8"]
[White "mbojan"]
[Black "Lysiak_Poltorak"]
[Result "1-0"]
[WhiteElo "2615"]
[BlackElo "2466"]
[TimeControl "180+1"]
[EndTime "11:29:21 PST"]
[Termination "mbojan won by checkmate"]

1. g3 Nf6 2. Bg2 g6 3. e4 d6 4.
Ne2 Bg7 5. O-O O-O 6. d3 c5 7. f4 Nc6 8. h3 e5 9. f5 Nd4 10. g4 Ne8 11. Nbc3 Nc7 12. Ng3 b5 13. Be3 Rb8 14. Nd5 Nxd5 15. exd5 b4 16. c3 bxc3 17. bxc3 Nb5 18. Ne4 gxf5 19. gxf5 f6 20. Kh1 Kh8 21.
Rb1 Qc7 22. a4 a6 23. axb5 axb5 24. Qh5 Bd7 25. Rg1 Be8 26. Qg4 Rg8 27. Bf3 Bf7 28. Qh4 Qe7 29. Rg4 b4 30. Rbg1 bxc3 31. Qxh7+ Kxh7 32. Rh4+ Bh6 33. Rxh6# 1-0

[Event "*** Titled Tuesday Blitz"]
[Site "Chess.com"]
[Date "2021.03.02"]
[Round "8"]
[White "Blitzking642"]
[Black "Shahaliyev"]
[Result "0-1"]
[WhiteElo "2368"]
[BlackElo "2686"]
[TimeControl "180+1"]
[EndTime "11:29:21 PST"]
[Termination "Shahaliyev won on time"]

1. e4 c6 2. c4 d5 3. cxd5 cxd5 4.
exd5 Qxd5 5. Nc3 Qd8 6. d4 Nf6 7. Bc4 e6 8. Nf3 Be7 9. O-O Nbd7 10. Qe2 Nb6 11. Bb3 O-O 12. Rd1 Nbd5 13. Ne5 Bd7 14. Rd3 Bc6 15. Rh3 Nxc3 16. bxc3 Be4 17. Bc2 Bxc2 18.
Qxc2 Rc8 19. Bg5 g6 20. Qc1 Ne4 21. Bxe7 Qxe7 22. Qh6 Ng5 23. Rg3 f6 24. Ng4 Qg7 25. Qh4 h5 26. Ne5 fxe5 27. Qxg5 exd4 28. cxd4 Rc2 29.
Qxg6 Qxg6 30. Rxg6+ Kh7 31. Rxe6 Rfxf2 32. Re7+ Kg6 33.
Rxb7 Rxg2+ 34. Kh1 Rxh2+ 35. Kg1 Rcg2+ 36. Kf1 h4 37. Rd1 h3 0-1

[Event "*** Titled Tuesday Blitz"]
[Site "Chess.com"]
[Date "2021.03.02"]
[Round "8"]
[White "Savagelittlemole"]
[Black "PushingpawnsNYC"]
[Result "1-0"]
[WhiteElo "2521"]
[BlackElo "2319"]
[TimeControl "180+1"]
[EndTime "11:29:22 PST"]
[Termination "Savagelittlemole won by checkmate"]

1. e4 c5 2. Ne2 e6 3. g3 a6 4. Bg2 Nc6 5. O-O Nf6 6. c3 d5 7. exd5 Nxd5 8. d4 Bd6 9. dxc5 Bxc5 10. Nd2 O-O 11. Nb3 Be7 12. Nbd4 Bd7 13. Nf4 Nxd4 14. Nxd5 Nc6 15. Nxe7+ Qxe7 16. Bf4 e5 17. Re1 f6 18. Be3 Kh8 19. Qb3 b5 20. Rad1 Rac8 21. Qd5 Be6 22. Qd6 Qe8 23. Bc5 Rg8 24. b3 Bg4 25. f3 Bf5 26.
Bb6 Ne7 27. f4 Rxc3 28. fxe5 Nc8 29. Qd4 Rc2 30. exf6 Rxg2+ 31. Kxg2 Qc6+ 32. Kg1 Qxb6 33. fxg7+ Rxg7 34. Re8# 1-0

[Event "*** Titled Tuesday Blitz"]
[Site "Chess.com"]
[Date "2021.03.02"]
[Round "8"]
[White "The_filthy"]
[Black "Orest_Vovk"]
[Result "0-1"]
[WhiteElo "2335"]
[BlackElo "2495"]
[TimeControl "180+1"]
[EndTime "11:29:22 PST"]
[Termination "Orest_Vovk won by resignation"]

1. e4 Nc6 2. Nf3 d5 3. exd5 Qxd5 4. Nc3 Qa5 5. Be2 Bg4 6. O-O O-O-O 7. h3 Bh5 8. d3 Nf6 9. Bd2 e6 10. a3 Bxf3 11.
Bxf3 Nd4 12. b4 Qf5 13. Be2 Nxe2+ 14. Qxe2 Bd6 15. Rfe1 Nd5 16. Ne4 Be5 17. Ng3 Bxg3 18. fxg3 h5 19. h4 Qg6 20. Qf3 Qf6 21. a4 Qxf3 22. gxf3 Rhe8 23. a5 a6 24. Kf2 c6 25.
Rad1 Ne7 26. Bg5 Rd4 27. Bxe7 Rxe7 28. Re4 Red7 29. Ke3 R4d5 30. c4 R5d6 31. d4 Kd8 32. Re5 g6 33. f4 Ke7 34. b5 cxb5 35. cxb5 Rd5 36. bxa6 bxa6 37. Ke4 Rxe5+ 38. fxe5 Rd5 39. Rb1 Rxa5 40. Rb7+ Kf8 41. Ra7 Ra3 42. Kf4 a5 43.
Ke4 Rxg3 44. Rxa5 Rg4+ 45. Ke3 Rxh4 46. Ra7 Rh1 47. Kf4 Rf1+ 48. Kg5 Rf5+ 49. Kh6 h4 0-1

[Event "*** Titled Tuesday Blitz"]
[Site "Chess.com"]
[Date "2021.03.02"]
[Round "8"]
[White "As0nchess"]
[Black "Murad_Ibrahimli"]
[Result "1-0"]
[WhiteElo "2656"]
[BlackElo "2852"]
[TimeControl "180+1"]
[EndTime "11:29:23 PST"]
[Termination "As0nchess won by resignation"]

1. e4 c5 2. Nf3 d6 3. d4 cxd4 4.
Nxd4 Nf6 5. Nc3 a6 6. f3 e6 7.
Be3 Be7 8. Qd2 b5 9. g4 h6 10. h4 Bb7 11. O-O-O Nbd7 12. Rg1 b4 13. Na4 Qa5 14.
b3 Nc5 15. a3 Nxa4 16. axb4 Qc7 17. bxa4 d5 18. g5 hxg5 19. hxg5 Nd7 20. g6 Bf6 21. gxf7+ Kxf7 22. Kb1 Nb6 23. a5 Na4 24. c4 dxc4 25. Qc2 c3 26. Qxa4 Rh2 27. Nc2 Rd8 28.
Rxd8 Qxd8 29. Bc4 Qc7 30. Qb3 Bc8 31. f4 Qc6 32. e5 Bh4 33. f5 Kf8 34. Bxe6 Bb7 35.
Bc5+ Ke8 36. Rxg7 1-0

[Event "*** Titled Tuesday Blitz"]
[Site "Chess.com"]
[Date "2021.03.02"]
[Round "8"]
[White "Leo_C"]
[Black "Arkady_Gitelson"]
[Result "1/2-1/2"]
[WhiteElo "2447"]
[BlackElo "2559"]
[TimeControl "180+1"]
[EndTime "11:29:24 PST"]
[Termination "Game drawn by repetition"]

1. d4 Nf6 2. c4 g6 3. f3 Bg7 4. e4 O-O 5. Nc3 d6 6. Be3 Nc6 7. Nge2 a6 8. Qd2 Na5 9. Nf4 b5 10.
h4 Nxc4 11. Bxc4 bxc4 12. h5 Rb8 13. Rd1 c6 14. h6 Bh8 15. e5 Ne8 16. exd6 Nxd6 17.
O-O Nf5 18. Bf2 Qd6 19. Ne4 Qb4 20. Qe2 Nxh6 21. Ng5 Nf5 22. g4 Nxd4 23. Rxd4 Bxd4 24. Bxd4 Qd6 25. Qe3 f6 26. Nge6 Bxe6 27. Nxe6 Rfe8 28. Re1 Kh8 29. g5 Qg3+ 30. Kf1 Qh3+ 31. Kg1 Qg3+ 32.
Kf1 Qh3+ 33. Kg1 Qg3+ 1/2-1/2

[Event "*** Titled Tuesday Blitz"]
[Site "Chess.com"]
[Date "2021.03.02"]
[Round "8"]
[White "mr65"]
[Black "mirochka"]
[Result "0-1"]
[WhiteElo "2083"]
[BlackElo "2229"]
[TimeControl "180+1"]
[EndTime "11:29:24 PST"]
[Termination "mirochka won on time"]

1. e4 c5 2. d4 cxd4 3. c3 dxc3 4. Nxc3 Nc6 5. Nf3 e6 6. Bc4 a6 7. O-O Nge7 8. Bg5 f6 9. Bh4 Ng6 10. Bg3 Be7 11. Qe2 O-O 12. Rfd1 Qe8 13. Nd5 exd5 14. exd5 Nce5 15. d6+ Nxc4 16. dxe7 Qxe7 17. Qxc4+ Qf7 18. Qc5 Re8 19. Re1 Re6 20. Nd4 Rxe1+ 21. Rxe1 d5 22. h4 h5 23. Qd6 Bd7 24. Qc7 Bc6 25. Qb6 Rc8 26. Rc1 Qd7 27. b4 Ne5 28. b5 axb5 0-1

[Event "*** Titled Tuesday Blitz"]
[Site "Chess.com"]
[Date "2021.03.02"]
[Round "8"]
[White "GUST_b"]
[Black "lagedema"]
[Result "0-1"]
[WhiteElo "2370"]
[BlackElo "2521"]
[TimeControl "180+1"]
[EndTime "11:29:26 PST"]
[Termination "lagedema won by resignation"]

1. Nf3 d5 2. c4 c6 3. g3 Nf6 4.
Bg2 Bf5 5. cxd5 cxd5 6. Qb3 Qb6 7.
Nc3 e6 8. d3 Be7 9. Be3 Qxb3 10.
axb3 Nc6 11. O-O O-O 12. Nd4 Nxd4 13. Bxd4 a6 14. e4 dxe4 15. dxe4 Bg6 16. e5 Nd7 17.
Bxb7 Rab8 18. Bxa6 Rxb3 19. Ra2 Nc5 20. Be2 h5 21. h4 Rd8 22. Be3 Rdb8 23. Nd1 Ne4 24. Ra7 Bf8 25. Bc4 R3b4 26. b3 Nc5 27. Bxc5 Bxc5 28. Rc7 Bd4 29. Re1 Rd8 30. Kh2 Bc2 31.
Bxe6 Bxb3 32. Bxb3 Rxb3 33. e6 fxe6 34. Rxe6 Rd3 35.
Ne3 Rf8 36. Kh3 Rxf2 37. Nd5 Rd1 38. g4 Rd3+ 39. Ne3 Bxe3 40. Rc8+ Kf7 41. Ree8 Bf4+ 0-1

[Event "*** Titled Tuesday Blitz"]
[Site "Chess.com"]
[Date "2021.03.02"]
[Round "8"]
[White "yuki_chess123"]
[Black "frenchpin"]
[Result "1-0"]
[WhiteElo "2267"]
[BlackElo "2498"]
[TimeControl "180+1"]
[EndTime "11:29:29 PST"]
[Termination "yuki_chess123 won by checkmate"]

1. Nf3 e6 2. g3 d5 3. Bg2 Nf6 4. d3 c5 5. Nbd2 Nc6 6. e4 Be7 7. O-O O-O 8. e5 Nd7 9. Re1 b5 10. Nf1 a5 11. h4 b4 12. N1h2 a4 13. a3 bxa3 14. bxa3 Ba6 15. h5 h6 16. Bf4 Re8 17.
Qd2 Bf8 18. Ng4 Kh7 19. Bf1 Rb8 20. Rab1 Qe7 21. c4 Rxb1 22. Rxb1 Rb8 23. Qc2 Rxb1 24. Qxb1 d4 25. Bg2 Qd8 26. Qc2 Qa5 27. Nd2 Ne7 28.
Ne4 Nf5 29. Bd2 Qb6 30. Qxa4 Qb1+ 31. Kh2 Nb8 32. Qe8 Be7 33. Qxf7 Nd7 34. Qxe6 Nf8 35. Qxf5+ Kg8 36. e6 Qxd3 37. Nef6+ Bxf6 38. Nxf6+ gxf6 39. Qxd3 Nxe6 40. Qg6+ Kf8 41. Bd5 Ke7 42. Qe4 Bc8 43.
Bxh6 Kf7 44. Qg6+ Ke7 45. Bd2 Nf8 46. Qg7+ Ke8 47. Bc6+ Bd7 48. Bxd7+ Nxd7 49. h6 Kd8 50. h7 Kc7 51. h8=Q Kc6 52. Qc8+ Kd6 53. Qgxd7+ Ke5 54. Qf5+ Kd6 55. Qcd7# 1-0

[Event "*** Titled Tuesday Blitz"]
[Site "Chess.com"]
[Date "2021.03.02"]
[Round "8"]
[White "Kostukov_Alex"]
[Black "woodhy"]
[Result "0-1"]
[WhiteElo "2317"]
[BlackElo "2461"]
[TimeControl "180+1"]
[EndTime "11:29:29 PST"]
[Termination "woodhy won on time"]

1. g3 e6 2. Bg2 Nf6 3. d3 c5 4. e4 Nc6 5. Nf3 d5 6. exd5 Nxd5 7. O-O Be7 8. Nc3 O-O 9. Re1 Bf6 10.
Bd2 b6 11. Rb1 Bb7 12. Ne4 Be7 13. a3 Qc7 14. c4 Nf6 15. Bf4 Qd7 16. Qc2 Rad8 17.
Rbd1 Qc8 18. Nxf6+ Bxf6 19. h4 Nd4 20. Nxd4 Bxd4 21.
Bxb7 Qxb7 22. Be5 Qf3 23. Bxd4 Rxd4 24. Re3 Qf5 25. Qe2 Rfd8 26. Kg2 h6 27. Qf3 Qxf3+ 28.
Kxf3 Rxc4 29. dxc4 Rxd1 30. Ke2 Rd4 31. b3 Kf8 32. a4 Ke7 33. Rc3 Kd6 34. Rc1 f5 35.
Ke3 g5 36. hxg5 hxg5 37. Rh1 a6 38. Rh7 b5 39. Ra7 bxc4 40. Rxa6+ Kd7 41. bxc4 Rxc4 42.
a5 Ra4 43. Ra7+ Kd6 44. a6 Ra3+ 45. Kd2 Ke5 46. Ra8 Ke4 47. a7 e5 48. Rc8 Rxa7 49.
Rxc5 Ra2+ 50. Ke1 g4 51. Kf1 Ra3 52. Rc4+ Kf3 53. Rc1 f4 54. gxf4 exf4 55. Kg1 Rd3 56. Rf1 Ke2 57. Kg2 Rd1 58. Rxd1 Kxd1 59. Kf1 f3 60. Kg1 Ke1 0-1

[Event "*** Titled Tuesday Blitz"]
[Site "Chess.com"]
[Date "2021.03.02"]
[Round "8"]
[White "Aisen1011"]
[Black "schondeln"]
[Result "1-0"]
[WhiteElo "2243"]
[BlackElo "2382"]
[TimeControl "180+1"]
[EndTime "11:29:29 PST"]
[Termination "Aisen1011 won on time"]

1. d4 d5 2. c4 c6 3. Nf3 Nf6 4. Nc3 dxc4 5. a4 Bf5 6. e3 e6 7. Bxc4 Bb4 8. O-O Nbd7 9. Qb3 a5 10. Na2 Be7 11. Bd2 Qb6 12. Rac1 Ne4 13. Be1 Qxb3 14. Bxb3 O-O 15. Nc3 h6 16. Nxe4 Bxe4 17. Bc3 Rfd8 18.
Rfd1 Bd6 19. Nd2 Bd5 20. e4 Bxb3 21. Nxb3 b6 22. d5 cxd5 23. exd5 exd5 24. Rxd5 Nc5 25. Rcd1 Bxh2+ 26. Kxh2 Rxd5 27. Rxd5 Nxb3 28. Rb5 Nc5 29. b3 Nd7 30. Rd5 Ra7 31. Bd4 Rb7 32. Rb5 f6 33. b4 axb4 34. a5 Kf7 35. axb6 Ke6 36. Rxb4 Kd5 37. Be3 Kc6 38. Rc4+ Kd6 39. Rd4+ Ke6 40.
Rc4 Kd6 41. Bf4+ Kd5 42. Rc7 Rxc7 43. bxc7 Nb6 44. Kh3 g5 45. Be3 Nc8 46. Kg4 Ke6 47. Kh5 Kd7 48. Kxh6 Kxc7 49. Kg6 Kd6 50. Kxf6 g4 51.
Kf5 Ne7+ 52. Kxg4 Ke6 53. f4 Nf5 54. Bf2 Kd5 55. Kxf5 1-0

[Event "*** Titled Tuesday Blitz"]
[Site "Chess.com"]
[Date "2021.03.02"]
[Round "8"]
[White "onetowin"]
[Black "Trickster_Pony"]
[Result "1/2-1/2"]
[WhiteElo "2128"]
[BlackElo "1452"]
[TimeControl "180+1"]
[EndTime "11:29:29 PST"]
[Termination "Game drawn by agreement"]

1. d4 Nf6 2. Nf3 c5 3. d5 b5 4. c4 Bb7 5. Nc3 b4 6. Nb1 e6 7. Bg5 exd5 8. cxd5 d6 9. e4 Be7 10. Bxf6 Bxf6 11. Qc2 Nd7 12. Nbd2 O-O 13. Nc4 Nb6 14.
Be2 Nxc4 15. Bxc4 Re8 16. O-O a5 17. Rfe1 a4 18. Rad1 Ba6 19. Qd3 Bxc4 20. Qxc4 Bxb2 21. e5 Bxe5 22. Nxe5 Rxe5 23. Rxe5 dxe5 24. Qxc5 b3 25.
axb3 axb3 26. Rb1 b2 27. Qc3 Qxd5 28. Qxb2 h6 29. Re1 Rd8 30. h3 e4 31. Qe2 f5 32.
Qe3 Qd3 33. Qf4 g6 34. Qg3 Kg7 35. Qc7+ Qd7 36. Qe5+ 1/2-1/2

[Event "*** Titled Tuesday Blitz"]
[Site "Chess.com"]
[Date "2021.03.02"]
[Round "8"]
[White "saikrishnaReturns"]
[Black "TigrVShlyape"]
[Result "0-1"]
[WhiteElo "2655"]
[BlackElo "2894"]
[TimeControl "180+1"]
[EndTime "11:29:32 PST"]
[Termination "TigrVShlyape won by resignation"]

1. e4 g6 2. h4 d5 3. exd5 Nf6 4.
h5 Nxh5 5. Rxh5 gxh5 6. Qxh5 Nd7 7. Nc3 Nf6 8. Qe5 a6 9. d4 Rg8 10. Bg5 Ng4 11. Qf4 Qd6 12. Nf3 h6 13. Qxd6 cxd6 14. Bh4 Bf5 15. O-O-O h5 16. Re1 Bh6+ 17. Kb1 f6 18.
Ne4 Kf7 19. Bd3 Bg6 20. Bg3 Rad8 21. Nh4 f5 22. Nc3 Bd2 23. Re2 Bxc3 24. bxc3 Nf6 25.
Nxg6 Kxg6 26. c4 Ne4 27. Bh4 Nc3+ 28. Kc1 Nxe2+ 29. Bxe2 Rd7 30. Kd2 Rc7 31. a4 b6 32.
Ke3 Rgc8 33. Kd2 Rxc4 34. Bxc4 Rxc4 35. Bxe7 Rxd4+ 36. Kc3 Rxd5 37. Bd8 b5 38. axb5 axb5 39. Kb4 Kf7 40. Bb6 Ke6 41. c4 bxc4 42. Kxc4 f4 43. Be3 fxe3 0-1

[Event "*** Titled Tuesday Blitz"]
[Site "Chess.com"]
[Date "2021.03.02"]
[Round "8"]
[White "WPWPWP-2015"]
[Black "FredyMatsuura"]
[Result "1-0"]
[WhiteElo "2473"]
[BlackElo "2321"]
[TimeControl "180+1"]
[EndTime "11:29:32 PST"]
[Termination "WPWPWP-2015 won on time"]

1. d4 Nf6 2. c4 e6 3. Nf3 d5 4. Nc3 Nbd7 5. Bf4 dxc4 6. e4 Nb6 7. Be2 Be7 8. O-O O-O 9. Rc1 c5 10. Nb5 Bd7 11. dxc5 Bxb5 12. cxb6 Qxb6 13. Be3 Qa6 14. Nd4 Nxe4 15. Nxb5 Qxb5 16. Rxc4 Rfd8 17. Rxe4 Qxb2 18. Rd4 Qxa2 19. Bf3 Rab8 20. Bf4 Rxd4 21. Qxd4 Rd8 22. Qc3 Bf6 23. Qc7 b5 24. Be3 a6 25. h3 h6 26.
Qb7 Bc3 27. Qc7 Bf6 28. Qc5 Rb8 29. Bf4 Rd8 30. Qb6 Qa4 31. Bc7 Rc8 32. Qb7 Rf8 33. Bd6 Rd8 34. Bc5 Qc4 35. Bb6 1-0

[Event "*** Titled Tuesday Blitz"]
[Site "Chess.com"]
[Date "2021.03.02"]
[Round "8"]
[White "Parhamov"]
[Black "Korchmar_Vasiliy"]
[Result "1-0"]
[WhiteElo "2886"]
[BlackElo "2652"]
[TimeControl "180+1"]
[EndTime "11:29:33 PST"]
[Termination "Parhamov won on time"]

1. c4 c5 2. g3 Nc6 3. Bg2 g6 4. Nc3 Bg7 5. d3 e6 6. h4 h6 7.
Qd2 Nge7 8. b3 d5 9. Bb2 d4 10. Na4 b6 11. a3 a5 12. Nf3 Bb7 13. O-O O-O 14. Ne1 Qc7 15. Nc2 Ne5 16. Bxb7 Qxb7 17.
b4 Nd7 18. b5 e5 19. e3 Nf5 20.
Rae1 Rad8 21. e4 Nd6 22. Qe2 f5 23. f3 Rf7 24. Bc1 Rdf8 25. Nb2 Nf6 26. Qg2 Nh5 27. g4 fxg4 28. fxg4 Nf4 29. Bxf4 Rxf4 30. Rxf4 Rxf4 31. Rf1 Qd7 32. Rxf4 exf4 33. Ne1 Nf7 34. Nf3 Ne5 35. Nxe5 Bxe5 36. Kf2 Qe7 37. Qh3 Bf6 38. h5 g5 39.
Na4 Qc7 40. e5 Bxe5 41. Qf3 Kg7 42. Qd5 Bf6 43. Qe6 Bd8 44. Qg6+ 1-0

[Event "*** Titled Tuesday Blitz"]
[Site "Chess.com"]
[Date "2021.03.02"]
[Round "8"]
[White "nrvisakh"]
[Black "Kretov_Evgenij"]
[Result "1-0"]
[WhiteElo "2783"]
[BlackElo "2603"]
[TimeControl "180+1"]
[EndTime "11:29:33 PST"]
[Termination "nrvisakh won by resignation"]

1. d4 Nf6 2. Bf4 d5 3. e3 Bf5 4. Bd3 Bxd3 5. Qxd3 c6 6. c4 Nbd7 7. Nc3 e6 8. Nf3 Be7 9. O-O O-O 10. Rab1 dxc4 11. Qxc4 Nb6 12. Qb3 Nfd5 13. Bg3 Nxc3 14. bxc3 Qd5 15. Ne5 Qxb3 16. Rxb3 f6 17. Nd3 Rf7 18.
Rfb1 Re8 19. Bc7 Bd8 20. Bxd8 Rxd8 21. Nc5 e5 22. a4 exd4 23. cxd4 Rb8 24. a5 Nc4 25. Rxb7 Rbxb7 26. Rxb7 Nxa5 27. Rb8+ Rf8 28. Rb4 Kf7 29. Ra4 Rb8 30. g3 Rb5 31. Kg2 Ke7 32. Kf3 f5 33. g4 fxg4+ 34. Kxg4 Kf6 35. Ne4+ Kg6 36. Nc3 Rg5+ 37. Kf3 Rf5+ 38. Ke2 Kh5 39. d5 Nb3 40. dxc6 Rc5 41. Ne4 Rxc6 42. Rxa7 Kh6 43. f4 Rc2+ 44. Kf3 Rxh2 45. Ng3 g6 46. e4 Nd2+ 47. Ke3 Nc4+ 48. Kd4 Nd2 49. e5 Rh3 50.
Ra3 Nf1 51. Nf5+ gxf5 52. Rxh3+ Kg6 53. Kd3 1-0

[Event "*** Titled Tuesday Blitz"]
[Site "Chess.com"]
[Date "2021.03.02"]
[Round "8"]
[White "Fy_Rakotomaharo"]
[Black "chigorin28"]
[Result "0-1"]
[WhiteElo "2724"]
[BlackElo "2515"]
[TimeControl "180+1"]
[EndTime "11:29:34 PST"]
[Termination "chigorin28 won by resignation"]

1. d4 Nf6 2. Bf4 e6 3. e3 d5 4. Nf3 c5 5. Nbd2 Nc6 6. c3 Bd6 7.
Bg3 O-O 8. Bb5 a6 9. Bxc6 bxc6 10. Qa4 Bxg3 11. hxg3 cxd4 12. cxd4 Bd7 13. Qa3 Qb6 14. Ne5 Rab8 15. b3 Rfc8 16. Rc1 Be8 17. O-O a5 18. Rc5 Ra8 19. Rfc1 Qa6 20. Qa4 h5 21. R1c2 Qb6 22. Qa3 Qa6 23. Qc1 Rab8 24. Nxc6 Bxc6 25. Rxc6 Rxc6 26. Rxc6 Qe2 27. Rc2 Qd3 28. Nf3 Ng4 29.
Ng5 g6 30. Qd2 Qxd2 31. Rxd2 Rc8 32. Kf1 Rc1+ 33. Ke2 Kg7 34. f3 Nh6 35. e4 Kf6 36. Nh3 dxe4 37. fxe4 Rc3 38. d5 exd5 39. exd5 Ke7 40.
d6+ Kd7 41. Nf4 Nf5 42. Nd5 Nxg3+ 43. Kd1 Rc6 44. Nf6+ Kd8 45. Rd5 Nf5 46. Ne4 Ne3+ 0-1

[Event "*** Titled Tuesday Blitz"]
[Site "Chess.com"]
[Date "2021.03.02"]
[Round "8"]
[White "juancruzarias"]
[Black "zajka-molotok"]
[Result "0-1"]
[WhiteElo "2615"]
[BlackElo "2489"]
[TimeControl "180+1"]
[EndTime "11:29:34 PST"]
[Termination "zajka-molotok won by resignation"]

1. e4 c6 2. Nc3 d5 3. Nf3 d4 4. Ne2 c5 5. c3 Nc6 6. cxd4 cxd4 7.
Qa4 Bd7 8. Nexd4 Nf6 9. Bb5 Nxd4 10. Nxd4 Nxe4 11. Ne6 fxe6 12. Bxd7+ Qxd7 13. Qxe4 Qd5 14. Qa4+ Qd7 15. Qg4 g6 16. O-O Bg7 17. Re1 e5 18. Qc4 Rc8 19. Qb3 e6 20. d4 Qd5 21.
Qxd5 exd5 22. dxe5 Rc2 23. Be3 Rxb2 24. Bxa7 Ke7 25. Rab1 Rxb1 26. Rxb1 Bxe5 27. Rxb7+ Ke6 28. a4 h5 29. a5 Rc8 30. g3 Rc1+ 31. Kg2 Ra1 32. Bb6 d4 33. f4 d3 34. Be3 Bd6 35. Rb6 Rxa5 36. Kf3 Kd5 37. Rb4 Bxb4 0-1

[Event "*** Titled Tuesday Blitz"]
[Site "Chess.com"]
[Date "2021.03.02"]
[Round "8"]
[White "andrewtnb"]
[Black "Das_Virus_2020"]
[Result "1-0"]
[WhiteElo "2329"]
[BlackElo "2444"]
[TimeControl "180+1"]
[EndTime "11:29:34 PST"]
[Termination "andrewtnb won on time"]

1. d4 Nf6 2. c4 c5 3. d5 b5 4. f3 bxc4 5. e4 d6 6. Bxc4 g6 7. b3 Bg7 8. Bb2 O-O 9. Nd2 Nbd7 10. Ne2 Nb6 11. Qc2 Nxc4 12. Nxc4 Ba6 13. O-O Bxc4 14. bxc4 Rb8 15. Bc3 Qb6 16. Rab1 Qa6 17. Bd2 Nd7 18. Rb3 Rb6 19. Rfb1 Rfb8 20. f4 h6 21. h3 Qa4 22. Kh2 Kh7 23. Ng1 Rxb3 24. axb3 Qa3 25. Bc3 a5 26. Bxg7 Kxg7 27. Ne2 Qb4 28. Nc3 Ra8 29.
Ra1 f6 30. Nb5 Nb6 31. Nc7 Ra7 32. Ne6+ Kh7 33. f5 g5 34. Qd1 Qc3 35. Rc1 Qe5+ 36.
Kh1 Nd7 37. Qh5 1-0

[Event "*** Titled Tuesday Blitz"]
[Site "Chess.com"]
[Date "2021.03.02"]
[Round "8"]
[White "DinaBelenkaya"]
[Black "bratkoo"]
[Result "0-1"]
[WhiteElo "2319"]
[BlackElo "2519"]
[TimeControl "180+1"]
[EndTime "11:29:35 PST"]
[Termination "bratkoo won on time"]

1. e4 e6 2. Qe2 Ne7 3. g3 d5 4. e5 c5 5. d3 Nbc6 6. Bg2 Qc7 7. c3 Qxe5 8. Be3 Nf5 9. Nf3 Qc7 10. Bf4 Bd6 11. Bxd6 Qxd6 12. Nbd2 O-O 13. g4 Nfe7 14. h4 Ng6 15. h5 Nf4 16. Qf1 Ne5 17. Nxe5 Qxe5+ 18. Kd1 Bd7 19. Kc2 Bb5 20. Re1 Qc7 21. Re3 d4 22. Rf3 e5 23. h6 g6 24. Ne4 c4 25. Nf6+ Kh8 26. Rxf4 cxd3+ 27. Kb1 exf4 28. Nd5 Qc5 29. Qc1 dxc3 30. Nxc3 g5 31. Be4 Rad8 32. f3 Bc6 33. Qd2 Qe3 34. Rd1 Qxd2 35.
Rxd2 Bxe4 36. Nxe4 f6 37. Nc5 Rfe8 38. Ne4 Re6 39. Kc1 Kg8 40. Kd1 Kf7 41. b4 Rxe4 42. fxe4 Rd4 43. b5 Kg6 44. a4 b6 45. Ra2 Rxe4 46.
a5 bxa5 47. Rxa5 f3 0-1

[Event "*** Titled Tuesday Blitz"]
[Site "Chess.com"]
[Date "2021.03.02"]
[Round "8"]
[White "Problematique_99"]
[Black "Mikhail_Golubev"]
[Result "1-0"]
[WhiteElo "2462"]
[BlackElo "2580"]
[TimeControl "180+1"]
[EndTime "11:29:36 PST"]
[Termination "Problematique_99 won by checkmate"]

1. e4 c5 2. Nc3 g6 3. f4 Bg7 4. Nf3 Nc6 5. Bb5 Nd4 6. O-O a6 7. Bd3 d6 8. Nxd4 Bxd4+ 9. Kh1 Nf6 10. Ne2 Bg4 11. c3 c4 12. Bxc4 Ba7 13. d3 d5 14.
exd5 Nxd5 15. h3 e6 16. Bxd5 exd5 17. Qe1 Bd7 18. Nd4+ Kf8 19. Qe5 Rg8 20. f5 f6 21.
Bh6+ Rg7 22. fxg6 Kg8 23. Qxd5+ Kh8 24. Bxg7+ Kxg7 25. Qf7+ Kh6 26. Qxh7+ Kg5 27. Nf3+ Kf4 28. Qh6+ Kf5 29. Rae1 Qh8 30. g4# 1-0

[Event "*** Titled Tuesday Blitz"]
[Site "Chess.com"]
[Date "2021.03.02"]
[Round "8"]
[White "Witik"]
[Black "AttilaTurzo"]
[Result "0-1"]
[WhiteElo "2708"]
[BlackElo "2568"]
[TimeControl "180+1"]
[EndTime "11:29:37 PST"]
[Termination "AttilaTurzo won on time"]

1. e4 c5 2. Nf3 Nc6 3. Bb5 Qc7 4. c3 Nf6 5. Qe2 e6 6. O-O a6 7. Ba4 Be7 8. d4 cxd4 9. cxd4 d5 10. e5 Nd7 11. Nc3 O-O 12. Bf4 b5 13. Bc2 Qb6 14. Rad1 f5 15. exf6 Nxf6 16. Bg5 Bd7 17. Ne5 Bc8 18.
Qe3 Ra7 19. f4 Bd6 20. Kh1 a5 21. Bb1 a4 22. a3 Na5 23. Qh3 Nc4 24. Rf2 b4 25.
axb4 Qxb4 26. Nxc4 Qxc4 27. Qh4 a3 28. Ba2 Qb4 29.
Nb1 axb2 0-1

[Event "*** Titled Tuesday Blitz"]
[Site "Chess.com"]
[Date "2021.03.02"]
[Round "8"]
[White "MrChampion_Coach"]
[Black "catzapto"]
[Result "1-0"]
[WhiteElo "2483"]
[BlackElo "2090"]
[TimeControl "180+1"]
[EndTime "11:29:37 PST"]
[Termination "MrChampion_Coach won by checkmate"]

1. d4 Nf6 2. Bg5 e6 3. e4 Be7 4.
Nd2 h6 5. Bxf6 Bxf6 6. c3 c5 7. e5 Be7 8. f4 Nc6 9. Ngf3 Qb6 10.
Nc4 Qc7 11. Rc1 b5 12. Ne3 Qb6 13. d5 c4 14. Nd4 Nxd4 15. cxd4 Bb4+ 16. Kf2 a5 17. d6 a4 18. a3 Ba5 19. Be2 Bb7 20. Bf3 Bxf3 21. Qxf3 O-O 22. Rhd1 Rab8 23. f5 Qb7 24.
Qg4 Bb6 25. Kg3 Rbe8 26. f6 g6 27. h4 h5 28. Qf4 Kh7 29. Kh2 Rg8 30. g4 Rc8 31.
Rg1 Qa7 32. gxh5 gxh5 33. Rg5 Rg6 34. Rcg1 Bxd4 35. Rxh5+ Kg8 36. Rxg6+ fxg6 37. f7+ Kf8 38. Rh8+ Kg7 39. Qf6# 1-0

[Event "*** Titled Tuesday Blitz"]
[Site "Chess.com"]
[Date "2021.03.02"]
[Round "8"]
[White "LogoCzar"]
[Black "lucasmito"]
[Result "0-1"]
[WhiteElo "2343"]
[BlackElo "2511"]
[TimeControl "180+1"]
[EndTime "11:29:38 PST"]
[Termination "lucasmito won by checkmate"]

1. e4 c6 2. d4 d5 3. e5 Na6 4. c3 Nc7 5. Nd2 g6 6. Ne2 h5 7. Nf4 Nh6 8. Bd3 Bf5 9. Nf3 Bxd3 10. Qxd3 e6 11. Nxg6 fxg6 12. Qxg6+ Nf7 13. Bg5 Be7 14.
Bf6 Bxf6 15. exf6 Nb5 16. Ng5 Qd7 17. O-O-O Nd6 18. Rhe1 O-O-O 19. Nxe6 Rdg8 20. Ng7 Rh6 21. Qd3 Rxf6 22. Qh7 Nh6 23. Nxh5 Qxh7 24. Nxf6 Qg6 25. Nxg8 Qxg8 26. g3 Qf7 27. f4 Ne4 28. Re3 Ng4 29.
Re2 Qh5 30. Rh1 Ngf2 31. Rhe1 Qxh2 32. f5 Qxg3 33. f6 Qf4+ 34. Kc2 Qxf6 35. b3 Qf5 36. Kb2 Qf3 37. Re3 Nd3+ 38. Ka3 Nxe1 39. Rxf3 Nxf3 40.
Kb4 b6 41. a4 a5+ 42. Ka3 Nxc3 43. b4 Ne2 44. bxa5 bxa5 45. Kb3 Nfxd4+ 46. Kb2 c5 47. Ka3 c4 48. Ka2 c3 49. Ka3 c2 50. Ka2 Kc7 51. Kb2 c1=Q+ 52. Ka2 Qc2+ 53. Ka1 Nb3# 0-1